 Dungeon Crawl Stone Soup version 0.24-a0-170-gd8427f5 (webtiles) character file.

Game seed: 4738941646327620068

94 Dfrag the Firebug (level 4, -6/30 HPs)
             Began as a Demonspawn Fire Elementalist on Mar 10, 2019.
             Mangled by a gnoll (7 damage)
             ... on level 3 of the Dungeon.
             The game lasted 00:03:03 (1981 turns).

Dfrag the Firebug (Demonspawn Fire Elementalist)    Turns: 1981, Time: 00:03:04

Health: -6/30      AC:  2    Str:  8    XL:     4   Next: 38%
Magic:  1/8        EV: 12    Int: 18    God:
Gold:   64         SH:  0    Dex: 13    Spells: 1/9 levels left

rFire    + . .     SeeInvis .   m - +1 spear (pain)
rCold    . . .     Gourm    .   (no shield)
rNeg     . . .     Faith    .   a - +0 robe
rPois    .         Spirit   .   (no helmet)
rElec    .         Reflect  .   (no cloak)
rCorr    .         Harm     .   (no gloves)
MR       .....                  (no boots)
Stlth    ++........             (no amulet)
HPRegen  0.10/turn              (no ring)
MPRegen  0.11/turn              (no ring)

@: very slightly contaminated
A: claws 1, fire resistance 1
a: no special abilities


You were on level 3 of the Dungeon.
You were hungry.

You visited 1 branch of the dungeon, and saw 3 of its levels.

You collected 64 gold pieces.

Inventory:

Hand Weapons
 e - a +0 short sword
 m - a +1 spear of pain (weapon)
Armour
 a - a +0 robe (worn)
Wands
 k - a wand of digging (7)
Scrolls
 b - 2 scrolls of identify {unknown}
 d - 2 scrolls of blinking {unknown}
 f - a scroll of immolation {unknown}
 g - 2 scrolls of amnesia {unknown}
 h - 2 scrolls of teleportation {unknown}
 j - a scroll of magic mapping {unknown}
 l - a scroll of remove curse {unknown}
Potions
 i - a potion of berserk rage {unknown}
Comestibles
 c - 3 rations


   Skills:
 - Level 1.7 Dodging
 - Level 1.7 Stealth
 + Level 3.0 Spellcasting
 + Level 2.5 Conjurations
 + Level 3.5 Fire Magic


You had one spell level left.
You knew the following spells:

 Your Spells              Type           Power        Failure   Level  Hunger
a - Flame Tongue          Conj/Fire      ##...        4%          1    None
b - Conjure Flame         Conj/Fire      ##......     14%         3    ###....
c - Sticky Flame          Conj/Fire      ##......     43%         4    ####...

Your spell library contained the following spells:

 Spells                   Type           Power        Failure   Level  Hunger
 Throw Flame              Conj/Fire      ##....       7%          2    ##.....
 Inner Flame              Hex/Fire       #.......     24%         3    ###....
 Fireball                 Conj/Fire      ##........   78%         5    ######.


Dungeon Overview and Level Annotations

Branches:
Dungeon (3/15)

Altars:
Elyvilon
Qazlal
Ru
Xom
The Shining One


Innate Abilities, Weirdness & Mutations

You have sharp fingernails.
Your flesh is heat resistant. (rF+)


Message History

The gnoll is almost dead.
The gnoll hits you.
Casting: Flame Tongue (safe; 4% risk of failure)
Confirm with . or Enter, or press ? or * to list all spells.
Aiming: Flame Tongue (safe; 4% risk of failure)
Press: ? - help, Shift-Dir - straight line, f/p - gnoll
Aim: a gnoll (almost dead)
The flame tongue misses the gnoll.
The gnoll barely misses you. The gnoll hits you.
Casting: Flame Tongue (safe; 4% risk of failure)
Confirm with . or Enter, or press ? or * to list all spells.
Aiming: Flame Tongue (safe; 4% risk of failure)
Press: ? - help, Shift-Dir - straight line, f/p - gnoll
Aim: a gnoll (almost dead)
The flame tongue hits the gnoll.
The gnoll is almost dead.
The gnoll misses you. The gnoll hits you with a +0 club!
* * * LOW HITPOINT WARNING * * *
The gnoll hits you!
You die...

#......... #.........
#......... .........
......... #........
##gg...... #.@g......
########### #.........
#.........# ##.........
#..<......###...........
#....>....##............
#.........††...........
###.
#.........#...........#
.#.
#.........#.........###
.. #.).......#...).....#
#.


You could see 3 gnolls.

Vanquished Creatures
  An adder (D:2)
  A gnoll (D:3)
  5 dart slugs
  2 worms (D:3)
  A leopard gecko (D:1)
  An orc (D:3)
  5 bats
  4 giant cockroaches
  11 goblins
  7 hobgoblins
  2 jackals (D:3)
  A quokka (D:3)
  A ball python (D:2)
  A frilled lizard (D:2)
  6 kobolds
  5 rats
54 creatures vanquished.

Notes
Turn   | Place    | Note
-------+----------+-------------------------------------------
     0 | D:1      | Dfrag the Demonspawn Fire Elementalist began the quest for
                  | the Orb.
     0 | D:1      | Reached XP level 1. HP: 13/13 MP: 3/3
   105 | D:1      | Gained mutation: You have sharp fingernails. [demonic
                  | ancestry]
   105 | D:1      | Reached XP level 2. HP: 13/19 MP: 0/5
   865 | D:2      | Reached XP level 3. HP: 24/24 MP: 2/6
  1331 | D:2      | Found a stormy altar of Qazlal.
  1331 | D:2      | Found a white marble altar of Elyvilon.
  1642 | D:3      | Gained mutation: Your flesh is heat resistant. (rF+)
                  | [demonic ancestry]
  1642 | D:3      | Reached XP level 4. HP: 8/30 MP: 0/8
  1820 | D:3      | Found a shimmering altar of Xom.
  1822 | D:3      | Found a glowing golden altar of the Shining One.
  1822 | D:3      | Found a glowing silver altar of Zin.
  1825 | D:3      | Found a glowing golden altar of the Shining One.
  1825 | D:3      | Found a deep blue altar of Sif Muna.
  1825 | D:3      | Found a sacrificial altar of Ru.
  1862 | D:3      | Learned a level 3 spell: Conjure Flame
  1867 | D:3      | Learned a level 4 spell: Sticky Flame
  1981 | D:3      | HP: 1/30 [gnoll/+0 club (9)]
  1981 | D:3      | Mangled by a gnoll

Levels and vault maps discovered:
D:1:      zaba_arrival_water, layout_loops_ring, chequers_big_river
D:2:      layout_loops_ring, gammafunk_temple_overflow_statue
D:3:      layout_rooms, doesnt_xom_only_xom

Skill      XL: |  1  2  3  4 |
---------------+-------------+-----
Fire Magic     | 3 |  3.5
Conjurations   | 2 |  2.5
Spellcasting   | 3 |  3.0
Dodging        | |  1.7
Stealth        | |  1.7

Action                   |  1- 3 |  4- 6 || total
-------------------------+-------+-------++-------
Melee: Unarmed           |     5 |       ||     5
       Short sword       |    33 |     1 ||    34
 Cast: Flame Tongue      |    69 |    29 ||    98
 Stab: Sleeping          |     1 |       ||     1
  Eat: Chunk             |     3 |       ||     3
Armor: Robe              |     9 |     1 ||    10
Dodge: Dodged            |    52 |     9 ||    61

Table legend:
 A = Non-vault XP
 B = Vault XP
 C = Vault XP percentage of total XP
 D = Non-vault monster count
 E = Vault monster count
 F = Vault count percentage of total count
                 A         B        C        D         E       F
            +---------+---------+-------+---------+---------+-------
      Total |     135 |       0 |   0.0 |      54 |       0 |   0.0
            +---------+---------+-------+---------+---------+-------
        D:1 |      35 |       0 |   0.0 |      17 |       0 |   0.0
        D:2 |      46 |       0 |   0.0 |      18 |       0 |   0.0
        D:3 |      54 |       0 |   0.0 |      19 |       0 |   0.0
            +---------+---------+-------+---------+---------+-------
